woodfighter, chaotic female elven Priestess --- ###+ ..| ----------- # ...| |.[......<|### #.... # |.........+##### # ----.------ # ########## ------------- # ### ### |`......@..`. # # # |.....`X....| ### # ### |...-.---...| # # # |...|.{.|...- ## # ### |..`|{.{|`..| -.---# # #|.%.|.{.|...| |...|# ####|..%-----...| |....## ##|.....`...i.| |...| # ##.`.........`- |....##` #------------- |..[| ----- woodfighter the Adept Experience level: 6 Strength: 13 Dexterity: 11 Constitution: 15 Intelligence: 20 Wisdom: 10 Charisma: 9 Health: 0(45) Energy: 61(61) Def: 10 Gold: 1145 Moves: 4236 Dungeon seed: iJk9ATYb7u-DbOGs Game ID: woodfighter_1534201663 Your Inventory: Coins $ - 1145 gold pieces Weapons a - a blessed +1 mace (weapon in hand) Armor e - a +0 robe (being worn) n - a +0 small shield (being worn) q - a cursed +0 cloak of invisibility z - a +0 orcish helm (being worn) R - a +3 dwarvish cloak S - a +0 dwarvish mithril-coat (being worn) Y - a +0 dwarvish cloak Comestibles d - a sprig of wolfsbane u - a tin of floating eye meat Scrolls l - 3 scrolls of identify m - a blessed scroll of identify s - a scroll of fire E - 3 scrolls of scare monster M - a blessed scroll of confuse monster O - a scroll of remove curse Spellbooks g - a spellbook of protection V - a spellbook of blank paper Potions b - 4 potions of holy water k - a potion of invisibility o - 5 potions of hallucination r - a blessed potion of booze v - a cursed potion of fruit juice x - a potion of fruit juice G - a potion of sleeping H - a blessed potion of gain ability J - a potion of blindness L - a potion of extra healing Q - a potion of polymorph U - 2 potions of speed W - a potion of gain ability X - a potion of booze Rings C - a ring of shock resistance Wands f - a wand of cancellation (0:1) B - a wand of enlightenment (0:13) D - a wand of lightning (0:0) F - a wand of magic missile (0:4) P - a wand of speed monster (0:2) T - a wand of locking (0:6) Tools i - a magic marker (0:95) j - a wooden harp w - a magic whistle y - a lock pick Spells and supernatural/magical abilities: Name Level Category Fail Memory l - light 1 divination 66% 79% p - protection 1 clerical 66% 79% W - pray for help -- divine ? -- X - turn undead -- divine ? -- Your skills at the end: Miscellaneous Skills shield [Basic] wands [Basic] stealth [Basic] Weapon Skills mace [Skilled] Spellcasting Skills clerical spells [Basic] Final Attributes: You were devoutly aligned. You were sleep resistant. Your writing hand was cramped from overuse. You had infravision. You were somewhat stealthy. You are dead. Vanquished creatures: a large cat a wolf a leprechaun a raven 2 snakes a yellow light a fog cloud a shrieker 2 gnome lords 2 gnomish wizards a golden naga hatchling 2 giant ants a kitten 2 dwarves a rothe a dwarf zombie a werejackal a gas spore 3 hobbits an acid blob a large kobold 3 geckos a hobgoblin 8 giant rats 2 cave spiders a green mold a gnome zombie 9 jackals 2 kobolds 5 newts 3 goblins 2 grid bugs 4 lichens 2 kobold zombies 71 creatures vanquished. Voluntary challenges: You did not cause conflict. You were not invisible. You did not have reflection. You were not displaced. You had been an atheist until turn 3858. You used a wielded weapon 141 times, starting on turn 117. You did not apply a unicorn horn. You did not use plumbed fixtures. You did not drink any magical draughts. You read items or engraved 3 times, starting on turn 3347. You never genocided any monsters. You never polymorphed an object. You never changed form. You used no wishes. You never split a pudding. You wrote Elbereth's name 3 times, starting on turn 3347. You violated your moral code, losing 5 points of alignment, starting on turn 2027. Dungeon overview: The Dungeons of Doom: levels 1 to 8 Level 1 (vault + box) a long staircase Level 2 (water) a general store Level 3 stairs to The Gnomish Mines Level 4 (vault) a fountain Level 5 a sink Level 6 (imps) Level 7 a fountain, a sink Level 8 (unicorn) <- You were here many fountains The Gnomish Mines: Level 4 stairs to The Dungeons of Doom History has recorded: On T:1 you entered the Dungeons of Doom to retrieve the Amulet of Yendor! On T:39 you reached level 2 of The Dungeons of Doom. On T:551 you reached level 3 of The Dungeons of Doom. On T:604 you advanced to experience level 2. On T:816 you advanced to experience level 3. On T:845 you reached level 1 of The Gnomish Mines. On T:865 you reached level 4 of The Dungeons of Doom. On T:1368 you advanced to experience level 4. On T:1383 you reached level 5 of The Dungeons of Doom. On T:1850 you reached level 6 of The Dungeons of Doom. On T:2027 you advanced to experience level 5. On T:2338 you reached level 7 of The Dungeons of Doom. On T:2700 you advanced to experience level 6. On T:2705 you reached level 8 of The Dungeons of Doom. On T:3858 you prayed to Kos. Score breakdown: Gold: 1145 ( 114 points) Experience: 6 levels ( 500 points) Exploration: 8 levels ( 210 points) Discoveries: 26 items ( 1300 points) Variety of kills: 34 monsters ( 1700 points) Major goal: (nothing yet) ( 0 points) Survival: died (score multiplied by 3) Total score: 11472 Latest messages: The tengu turns to flee! You hit the tengu! You kill the acid blob! The tengu turns to flee! You feel agile! You must have been working on your reflexes. The tengu turns to flee! (2x) You hear the splashing of a naiad. The ettin turns to flee! The tengu turns to flee! (2x) The ettin turns to flee! The tengu turns to flee! The ettin turns to flee! The tengu turns to flee! (3x) The kitten turns to flee! The ettin turns to flee! You finish searching. You hit the tengu! The ettin turns to flee! You hit the ettin. The ettin turns to flee! You hit the ettin! The ettin punches you! (4x) You hit the ettin! The ettin just misses! The ettin punches you! You die... Final status: Goodbye woodfighter the Priestess, killed by an ettin... You died in The Dungeons of Doom on dungeon level 8 with 11472 points, and 1145 pieces of gold, after 4236 moves. You were level 6 with a maximum of 45 hit points when you died.